 Dungeon Crawl Stone Soup version 0.31-a0-692-gf03d1854d5 (webtiles) character file.

Game seed: 3209727912067046085

136 qw the Shooter (level 5, -13/32 HPs)
             Began as a Gargoyle Hunter on Sept 6, 2023.
             Mangled by an orc warrior
             ... wielding a +0 scimitar
              (14 damage)
             ... on level 3 of the Dungeon.
             The game lasted 00:00:35 (1643 turns).

qw the Shooter (Gargoyle Hunter)                    Turns: 1643, Time: 00:00:36

Health: -13/32     AC:  9    Str: 15    XL:     5   Next: 19%
Magic:  5/5        EV: 11    Int:  9    God:
Gold:   110        SH:  0    Dex: 15    Spells: 4/4 levels left

rFire   . . .        Y - +0 shortbow
rCold   . . .        (shield currently unavailable)
rNeg    + . .        g - +0 ring mail
rPois   inf          (no helmet)
rElec   +            (no cloak)
rCorr   .            (no gloves)
SInv    .            (no boots)
Will    .....        (no amulet)
Stlth   +            (no ring)
HPRegen 0.25/turn    (no ring)
MPRegen 0.09/turn

%: no passive effects
@: no status effects
A: sickness immunity, AC +4, negative energy resistance 1, electricity
resistance, torment resistance 1, petrification resistance
a: no special abilities


You were on level 3 of the Dungeon.
You visited 1 branch of the dungeon, and saw 3 of its levels.

You collected 110 gold pieces.


Innate Abilities, Weirdness & Mutations

You are immune to sickness and miasma.
Your stone body is resilient. (AC +4)
You are immune to poison.
You resist negative energy. (rN+)
You are resistant to electric shocks. (rElec)
You are resistant to unholy torment.
You are immune to petrification.


   Skills:
 - Level 3.0 Fighting
 + Level 5.8 Ranged Weapons
 - Level 1.4 Armour
 - Level 1.5 Dodging
 - Level 1.1 Stealth


You had 4 spell levels left.
You didn't know any spells.
Your spell library was empty.

Inventory:

Hand Weapons
 Y - a +0 shortbow (weapon)
Armour
 g - a +0 ring mail (worn)
Jewellery
 b - a +6 ring of intelligence
 f - an amulet of regeneration
Scrolls
 a - 2 scrolls of identify
 c - a scroll of noise {unknown}
Potions
 d - a potion of might {unknown}
 e - 4 potions of curing
 h - a potion of brilliance {unknown}

Dungeon Overview and Level Annotations

Branches:
Dungeon (3/15)

Altars:

Shops:
D:1 !


Message History

You shoot an arrow.
The arrow hits the orc warrior but does no damage.
The orc warrior is moderately wounded.
The adder misses you. The orc warrior closely misses you.
The adder bites you but does no damage.
You shoot an arrow.
The arrow barely misses the orc warrior.
The adder closely misses you.
The orc warrior hits you with a +0 scimitar.
You shoot an arrow.
The arrow hits the orc warrior but does no damage.
The orc warrior is moderately wounded.
The adder bites you but does no damage.
The orc warrior hits you with a +0 scimitar.
The adder barely misses you.
You shoot an arrow.
The arrow hits the orc warrior but does no damage.
The orc warrior is moderately wounded.
The orc warrior closely misses you. The adder bites you but does no damage.
The orc warrior completely misses you.
You shoot an arrow. The arrow hits the orc warrior!
The orc warrior is heavily wounded.
The adder bites you. The adder barely misses you.
The orc warrior hits you with a +0 scimitar.
You shoot an arrow.
The arrow hits the orc warrior but does no damage.
The orc warrior is heavily wounded.
The adder misses you.
The orc warrior hits you with a +0 scimitar.
The adder barely misses you.
You shoot an arrow.
The arrow hits the orc warrior but does no damage.
The orc warrior is heavily wounded.
The orc warrior hits you with a +0 scimitar.
The adder barely misses you.
You shoot an arrow. The arrow hits the orc warrior.
The orc warrior is severely wounded.
The adder misses you.
The orc warrior hits you with a +0 scimitar!
You die...

?....~~ .!..$.~ .(.
.)..... ..# .......
..# ########.......
..# #.......)..>...
..########### #)....#
........<...####oS...#
...............#@....#
............##.......#
.....................#
...................#.#
#.........##.........#
..#.#...#.##...%....!#
###....##.###..).....#
#...###.###........#
..........>..........#


You could see an orc warrior and an adder.

Vanquished Creatures
  An iguana (D:3)
  An orc wizard (D:3)
  An adder (D:2)
  4 gnolls (D:2)
  3 dart slugs
  2 orcs (D:3)
  A bat (D:2)
  2 endoplasms
  A giant cockroach (D:1)
  2 goblins
  2 hobgoblins (D:1)
  4 kobolds (D:1)
  3 quokkas
  3 ball pythons
  2 frilled lizards (D:1)
  2 rats
34 creatures vanquished.

Notes
Turn   | Place    | Note
-------+----------+-------------------------------------------
     0 | D:1      | qw the Gargoyle Hunter began the quest for the Orb.
     0 | D:1      | Reached XP level 1. HP: 12/12 MP: 1/1
     0 | D:1      | 0 ||| qw: Version: 0.3-a-76-g4403597
     0 | D:1      | 0 ||| qw: Game counter: 325
     0 | D:1      | 0 ||| qw: Melee chars always use a shield: true
     0 | D:1      | 0 ||| qw: God list: Okawaru
     0 | D:1      | 0 ||| qw: Allow faded altars: false
     0 | D:1      | 0 ||| qw: Do Orc after clearing Dungeon:15 true
     0 | D:1      | 0 ||| qw: Do second Lair branch before Depths: true
     0 | D:1      | 0 ||| qw: Lair rune preference: random
     0 | D:1      | 0 ||| qw: Goals: Normal
     0 | D:1      | 0 ||| PLANNING D:1-11
   181 | D:1      | Found Teexkaeg's Distillery.
   187 | D:1      | 187 ||| SHOPLISTING potion of curing (39 gold, have 7).
   187 | D:1      | 187 ||| SHOPLISTING potion of haste (130 gold, have 7).
   187 | D:1      | 187 ||| SHOPLISTING potion of might (52 gold, have 7).
   300 | D:1      | Reached XP level 2. HP: 17/17 MP: 2/2
   440 | D:1      | Found a faded altar of an unknown god.
   756 | D:1      | 756 ||| UPGRADING to +0 ring mail.
   766 | D:1      | 766 ||| DROPPING +0 leather armour.
   767 | D:1      | 767 ||| READING 2 scrolls labelled JUYQUT QIMIHU.
   768 | D:1      | 768 ||| READING scroll labelled BOATWAN EMUM.
   769 | D:1      | 769 ||| DRINKING 2 smoky silvery potions.
   770 | D:1      | 770 ||| DROPPING scroll of butterflies.
   958 | D:2      | 958 ||| Stepping ~*~*~tactically~*~*~ (retreating).
   961 | D:2      | Reached skill level 1 in Armour
   961 | D:2      | Reached XP level 3. HP: 20/21 MP: 3/3
   964 | D:2      | 964 ||| Stepping ~*~*~tactically~*~*~ (retreating).
   965 | D:2      | 965 ||| Stepping ~*~*~tactically~*~*~ (retreating).
  1066 | D:2      | Reached skill level 5 in Ranged Weapons
  1374 | D:2      | 1374 ||| READING scroll labelled KUEXEU KUTUG.
  1377 | D:2      | 1377 ||| DRINKING 2 fuming dark potions.
  1416 | D:2      | 1416 ||| READING 2 scrolls of identify.
  1416 | D:2      | 1416 ||| IDENTIFYING bubbling yellow potion
  1417 | D:2      | 1417 ||| DROPPING potion of degeneration.
  1418 | D:2      | 1418 ||| DROPPING potion of lignification.
  1434 | D:2      | Reached XP level 4. HP: 27/27 MP: 4/4
  1440 | D:2      | Reached skill level 3 in Fighting
  1607 | D:3      | Noticed an orc warrior
  1608 | D:3      | 1608 ||| RETREATING.
  1617 | D:3      | Reached XP level 5. HP: 32/32 MP: 5/5
  1641 | D:3      | HP: 7/32 [orc warrior/+0 scimitar (6)]
  1642 | D:3      | HP: 1/32 [orc warrior/+0 scimitar (6)]
  1643 | D:3      | Mangled by an orc warrior

Levels and vault maps discovered:
D:1:      dpeg_arrival_court, layout_basic,
          ebering_ecumenical_altar_sacrificial, serial_shops, shop
D:2:      cheibrodos_helix_gallery, layout_basic
D:3:      layout_rooms, serial_shops, nicolae_shop_waterfront, serial_aquarium,
          aquarium_bridge_square [aquarium_subvault_wall,
          aquarium_subvault_balcony, aquarium_subvault_wall,
          aquarium_subvault_bridge], aquarium_window_fake, aquarium_window_1,
          aquarium_view_2c, aquarium_view_2b, aquarium_balcony_double_4,
          aquarium_pool_2

Skill      XL: |  1  2  3  4 |
---------------+-------------+-----
Armour         | 1 |  1.4
Ranged Weapons | 5 |  5.8
Fighting       | 3 |  3.0
Dodging        | |  1.5
Stealth        | |  1.1

Action                     |  1- 3 |  4- 6 || total
---------------------------+-------+-------++-------
   Fire: Shortbow          |    65 |    54 ||   119
    Use: Scroll            |     4 |       ||     4
         Potion            |     2 |       ||     2
 Armour: Ring mail         |    11 |    16 ||    27
         Leather armour    |     2 |       ||     2
  Dodge: Dodged            |    13 |    25 ||    38

Table legend:
 A = Non-vault XP
 B = Vault XP
 C = Vault XP percentage of total XP
 D = Non-vault monster count
 E = Vault monster count
 F = Vault count percentage of total count
                 A         B        C        D         E       F
            +---------+---------+-------+---------+---------+-------
      Total |     191 |       4 |   2.1 |      32 |       2 |   5.9
            +---------+---------+-------+---------+---------+-------
        D:1 |      23 |       0 |   0.0 |      13 |       0 |   0.0
        D:2 |      85 |       4 |   4.5 |      11 |       2 |  15.4
        D:3 |      83 |       0 |   0.0 |       8 |       0 |   0.0
            +---------+---------+-------+---------+---------+-------
